 Dungeon Crawl Stone Soup version 0.31-a0-865-g3d5d91748a (webtiles) character file.

Game seed: 9652047397047386876

571 wvc the Firebug (level 7, -3/36 HPs)
             Began as a Gargoyle Fire Elementalist on Oct 10, 2023.
             Slain by an ogre
             ... wielding a +0 giant club
              (14 damage)
             ... on level 5 of the Dungeon.
             The game lasted 00:11:57 (4493 turns).

wvc the Firebug (Gargoyle Fire Elementalist)        Turns: 4493, Time: 00:11:57

Health: -3/36      AC: 10    Str: 11    XL:     7   Next: 34%
Magic:  9/13       EV: 11    Int: 18    God:
Gold:   220        SH:  0    Dex: 16    Spells: 7/14 levels left

rFire   + . .        i - +1 mace (drain)
rCold   . . .        (no shield)
rNeg    + . .        j - +2 leather armour {rF+}
rPois   ∞            q - +0 helmet
rElec   +            (no cloak)
rCorr   .            (no gloves)
SInv    .            (no boots)
Will    .....        (no amulet)
Stlth   ++           f - +6 ring of dexterity
HPRegen 0.26/turn    (no ring)
MPRegen 0.13/turn

%: no passive effects
@: very slightly contaminated
A: sickness immunity, AC +4, negative energy resistance 1, electricity
resistance, torment resistance 1, petrification resistance
a: no special abilities


You were on level 5 of the Dungeon.
You visited 1 branch of the dungeon, and saw 5 of its levels.

You collected 220 gold pieces.

Inventory:

Hand Weapons
 i - a +1 mace of draining (weapon)
 n - a +0 short sword of protection
 p - a +0 dagger of draining
 t - a +1 dagger of holy wrath
 u - a +2 whip of distortion
Missiles
 d - 12 poisoned darts
Armour
 j - a +2 leather armour of fire resistance (worn)
 q - a +0 helmet (worn)
Magical Staves
 o - a staff of air
Jewellery
 f - a +6 ring of dexterity (left hand)
 k - a ring of flight
 w - a ring of ice
Wands
 m - a wand of paralysis (7)
Scrolls
 a - a scroll of noise
 c - 2 scrolls of brand weapon
 r - a scroll of teleportation
 v - a scroll of poison
 x - a scroll of immolation
Potions
 b - 3 potions of magic
 e - a potion of curing
 g - 5 potions of mutation
 h - 2 potions of berserk rage
 l - a potion of enlightenment
 s - 2 potions of heal wounds {unknown}


   Skills:
 - Level 1.5 Dodging
 - Level 2.1 Stealth
 + Level 4.2 Spellcasting
 * Level 5.0 Conjurations
 + Level 5.2 Fire Magic


You had 7 spell levels left.
You knew the following spells:

 Your Spells              Type           Power      Damage    Failure   Level
a - Foxfire               Conj/Fire      88%        2x1d8     2%          1
b - Scorch                Fire           44%        2d6       3%          2
c - Flame Wave            Conj/Fire      22%        2d8       22%         4

Your spell library contained the following spells:

 Spells                   Type           Power      Damage    Failure   Level
 Inner Flame              Hex/Fire       13%        N/A       19%         3
 Volatile Blastmotes      Fire/Tloc      26%        2d12      19%         3
 Fulminant Prism          Conj/Hex       6%         3d7       54%         4
 Iskenderun's Mystic Bla  Conj/Tloc      12%        2d5       54%         4


Dungeon Overview and Level Annotations

Branches:
Dungeon (5/15)
 Temple: D:4-7

Altars:
Trog
Zin

Shops:
D:1 [   D:2 [

Annotations:
D:2 1 runed translucent door, Crazy Yiuf
D:5 Dowan, Duvessa


Innate Abilities, Weirdness & Mutations

You are immune to sickness and miasma.
Your stone body is resilient. (AC +4)
You are immune to poison.
You resist negative energy. (rN+)
You are resistant to electric shocks. (rElec)
You are resistant to unholy torment.
You are immune to petrification.


Message History

Flames lash the hound.
The hound is lightly wounded.
The hound's fire resistance burns away.
The hound misses you.
Casting: Foxfire (safe; 2% risk of failure)
Press: ? - help, Q - select action, (/) - cycle Dir - look around, f - activate You conjure some foxfire!
The hound bites you but does no damage. x2
You closely miss the hound.
The hound is lightly wounded.
The hound is no longer more vulnerable to fire.
The foxfire hits the hound.
The hound is moderately wounded.
The foxfire hits the hound!
The hound is severely wounded.
The hound misses you. The hound bites you but does no damage.
Casting: Foxfire (safe; 2% risk of failure)
Confirm with . or Enter, or press ? or * to list all spells.
Flames lash the hound.
You kill the hound!
Your Conjurations skill increases to level 5!
You start resting.
HP restored.
You start resting.
Magic restored.
You climb downwards.
Level annotation: Dowan, Duvessa The ogre hits you with a +0 giant club!!
Ouch! That really hurt!
There is a stone staircase leading up here.
Casting: Scorch (safe; 3% risk of failure)
Confirm with . or Enter, or press ? or * to list all spells.
You miscast Scorch.
You are very lightly contaminated with residual magic.
Nothing appears to happen.
The ogre hits you with a +0 giant club.
Casting: Scorch (safe; 3% risk of failure)
Confirm with . or Enter, or press ? or * to list all spells.
Flames lash the ogre.
The ogre is moderately wounded.
The ogre's fire resistance burns away.
The ogre hits you with a +0 giant club!
You die...

# ##.##
#### #..#
#.## ##.#
##..#
#..##
#.##
..#####O#
.......@#
...######


You could see an ogre (combustible).

Vanquished Creatures
  An ogre (D:5)
  A scorpion (D:4)
  2 hounds (D:4)
  2 orc priests
  An orc wizard (D:3)
  Ijyb (D:3)
  Natasha (thrice) (D:3)
  Robin (D:2)
  5 gnolls
  2 adders (D:3)
  A worm (D:2)
  3 dart slugs
  6 orcs
  7 ball pythons
  5 bats
  10 endoplasms
  A giant cockroach (D:2)
  14 goblins
  12 hobgoblins
  2 jackals (D:2)
  5 quokkas
  2 frilled lizards (D:1)
  10 kobolds
  6 rats
103 creatures vanquished.

Vanquished Creatures (collateral kills)
  A foxfire (D:1)
1 creature vanquished.

Vanquished Creatures (others)
  257 foxfires
257 creatures vanquished.

Grand Total: 361 creatures vanquished

Notes
Turn   | Place    | Note
-------+----------+-------------------------------------------
     0 | D:1      | wvc the Gargoyle Fire Elementalist began the quest for the
                  | Orb.
     0 | D:1      | Reached XP level 1. HP: 10/10 MP: 3/3
   141 | D:1      | Reached XP level 2. HP: 15/15 MP: 3/5
   141 | D:1      | Found Tacol's Armour Emporium.
   661 | D:1      | Found a faded altar of an unknown god.
   694 | D:1      | Reached XP level 3. HP: 19/19 MP: 4/6
  1270 | D:2      | Learned a level 2 spell: Scorch
  1593 | D:2      | Noticed Robin
  1595 | D:2      | Reached XP level 4. HP: 24/24 MP: 4/7
  1727 | D:2      | Killed Robin
  2165 | D:2      | Found Itiaz's Armour Emporium.
  2222 | D:2      | Found a runed translucent door.
  2223 | D:2      | Noticed Crazy Yiuf
  2231 | D:2      | Learned a level 4 spell: Flame Wave
  2290 | D:2      | Reached XP level 5. HP: 17/28 MP: 6/9
  2456 | D:3      | Noticed Natasha
  2465 | D:3      | Killed Natasha
  2737 | D:3      | Reached XP level 6. HP: 32/32 MP: 6/11
  2860 | D:3      | Noticed Natasha
  2872 | D:3      | Killed Natasha
  2885 | D:3      | Noticed Ijyb
  2890 | D:3      | Paralysed by Ijyb for 4 turns
  2897 | D:3      | Paralysed by Ijyb for 2 turns
  2898 | D:3      | Killed Ijyb
  2982 | D:3      | Noticed Natasha
  2995 | D:3      | Killed Natasha
  3776 | D:4      | Found a bloodstained altar of Trog.
  3827 | D:4      | Reached skill level 5 in Fire Magic
  3827 | D:4      | Reached XP level 7. HP: 36/36 MP: 7/13
  4145 | D:4      | Found a glowing silver altar of Zin.
  4281 | D:5      | Entered Level 5 of the Dungeon
  4418 | D:5      | Noticed Dowan
  4420 | D:5      | Noticed Duvessa
  4442 | D:4      | Reached skill level 5 in Conjurations
  4493 | D:5      | Slain by an ogre

Illustrated notes

Levels and vault maps discovered:
D:1:      wander_arrival_fairy_ring, layout_basic,
          dreamdust_ecumenical_altar_angels_and_demons, serial_shops,
          nicolae_shop_just_a_little_nook, minmay_pentomino_s4
D:2:      minmay_spotlight, layout_rooms, serial_shops,
          nicolae_shop_back_alley_shop, uniq_robin, uniq_crazy_yiuf_cottage
D:3:      layout_loops_ring, uniq_ijyb, uniq_natasha
D:4:      layout_basic, general_overflow_altar, mainiacjoe_overflow_alcove_1
D:5:      layout_rooms, uniq_duvessa

Skill      XL: |  1  2  3  4  5  6  7 |
---------------+----------------------+-----
Conjurations   | 2 3 4 5 |  5.0
Fire Magic     | 4 5 |  5.2
Spellcasting   | 3 4 |  4.2
Dodging        | |  1.5
Stealth        | |  2.1

Action                     |  1- 3 |  4- 6 |  7- 9 || total
---------------------------+-------+-------+-------++-------
  Melee: Unarmed           |    12 |       |       ||    12
         Short sword       |     2 |    45 |       ||    47
         Mace              |       |    27 |     3 ||    30
   Cast: Foxfire           |    61 |    87 |     8 ||   156
         Scorch            |     1 |     6 |    10 ||    17
    Use: Scroll            |       |    12 |     1 ||    13
   Stab: Sleeping          |       |     1 |       ||     1
 Armour: Robe              |    19 |       |       ||    19
         Leather armour    |     8 |    72 |    11 ||    91
  Dodge: Dodged            |    33 |    73 |     7 ||   113

Table legend: (Time is in decaauts)
 A = Elapsed time spent in this place.
 B = Non-inter-level travel time spent in this place.
 C = Inter-level travel time spent in this place.
 D = Time resting spent in this place.
 E = Time spent auto-exploring this place.
 F = Levels seen in this place.
 G = Mean time per level.
                   A        B        C        D        E       F      G
               +--------+--------+--------+--------+--------+-----+--------+
         Total |   4512 |   4422 |     90 |    232 |   3299 |   5 |  902.4 |
       Dungeon |   4512 |   4422 |     90 |    232 |   3299 |   5 |  902.4 |
               +--------+--------+--------+--------+--------+-----+--------+

Top non-repeatable levels by time:
     D:1: 1195 daAuts
     D:3: 1116 daAuts
     D:2: 1106 daAuts
     D:4: 1030 daAuts
     D:5: 64 daAuts
